 Dungeon Crawl Stone Soup version 0.28-a0-983-g1de4e07 (webtiles) character file.

Game seed: 3772255668156674970

114 HDogLeCool the Chopper (level 5, -12/42 HPs)
             Began as a Human Monk on Dec 2, 2021.
             Was an Initiate of Ashenzari.
             Mangled by an ogre (31 damage)
             ... on level 4 of the Dungeon.
             The game lasted 00:07:36 (3112 turns).

HDogLeCool the Chopper (Human Monk)                 Turns: 3112, Time: 00:07:37

Health: -12/42     AC:  9    Str: 14    XL:     5   Next: 18%
Magic:  5/5        EV: 10    Int: 10    God:    Ashenzari [......]
Gold:   176        SH:  0    Dex: 15    Spells: 4/4 levels left

rFire   . . .      SeeInvis .   n - +5 dagger
rCold   . . .      Faith    .   (no shield)
rNeg    . . .      Spirit   .   c - +0 scale mail
rPois   .          Reflect  .   h - +1 helmet
rElec   .          Harm     .   (no cloak)
rCorr   .          Rampage  .   (no gloves)
Will    +....                   i - +0 pair of boots
Stlth   +.........              (no amulet)
HPRegen 0.14/turn               p - ring of willpower
MPRegen 0.09/turn               (no ring)

@: no status effects
A: no striking features
a: Renounce Religion, Curse Item


You were on level 4 of the Dungeon.
You worshipped Ashenzari.
Ashenzari was noncommittal.
You visited 1 branch of the dungeon, and saw 4 of its levels.

You collected 176 gold pieces.

Inventory:

Hand Weapons
 a - a +0 hand axe
 n - a +5 dagger (weapon)
Missiles
 o - 113 stones (quivered)
Armour
 c - a +0 scale mail (worn)
 h - a +1 helmet (worn)
 i - a +0 pair of boots (worn)
 u - a +0 chain mail
Jewellery
 p - a ring of willpower (left hand)
Wands
 w - a wand of flame (24)
Scrolls
 k - a scroll of blinking
Potions
 g - 2 potions of heal wounds
 j - a potion of might {unknown}
 q - 2 potions of curing {unknown}
 t - a potion of magic {unknown}
 v - a potion of mutation {unknown}


   Skills:
 + Level 3.7 Fighting
 * Level 4.4 Axes
 + Level 1.8 Armour
 - Level 3.0 Dodging
 - Level 2.0 Stealth


You had 4 spell levels left.
You didn't know any spells.
Your spell library was empty.

Dungeon Overview and Level Annotations

Branches:
Dungeon (4/15)
 Temple: D:4-7

Altars:
Ashenzari
Qazlal

Annotations:
D:4 Grinder


Message History

You swap places.
You swap places.
Your quokka dissolves into shadows!
You swap places.
Your hound skeleton dissolves into shadows!
Found a robe.
You see here a +0 robe.
An orc comes into view. It is wielding a +0 hand axe.
Found a stone staircase leading down.
The orc shouts!
You barely miss the orc. You closely miss the orc.
The orc hits you but does no damage.
You barely miss the orc. The orc hits you but does no damage.
An ogre comes into view. It is wielding a +0 giant spiked club.
The ogre shouts!
You hit the orc.
The orc is moderately wounded.
The orc hits you but does no damage.
You hit the orc.
You kill the orc!
Found 10 gold pieces.
You see here a +0 robe.
You hit the ogre.
The ogre is lightly wounded.
The ogre closely misses you.
You hit the ogre.
The ogre is lightly wounded.
You hit the ogre but do no damage.
The ogre is lightly wounded.
The ogre closely misses you.
You closely miss the ogre.
The ogre is lightly wounded.
The ogre hits you with a +0 giant spiked club!!
Ouch! That really hurt!
You hit the ogre.
The ogre is moderately wounded.
The ogre barely misses you.
The ogre hits you with a +0 giant spiked club!!
Ouch! That really hurt!
You die...

### #.####
#....#
#####.##.#
#<....####
#####@#
#####O#
#.....#
#.###.# #.#
#.# #[# #.#
#.###.#
..#####.....#
......).###.#


You could see an ogre.

Vanquished Creatures
  Ijyb (D:4)
  3 adders
  An adder skeleton (D:4)
  A dart slug (D:3)
  An orc (D:4)
  10 ball pythons
  4 endoplasms
  3 giant cockroaches
  8 goblins
  4 hobgoblins
  2 quokkas (D:2)
  2 bats
  3 frilled lizards (D:1)
  2 kobolds
  10 rats
55 creatures vanquished.

Notes
Turn   | Place    | Note
-------+----------+-------------------------------------------
     0 | D:1      | HDogLeCool the Human Monk began the quest for the Orb.
     0 | D:1      | Reached XP level 1. HP: 18/18 MP: 1/1
   320 | D:1      | Reached XP level 2. HP: 24/24 MP: 2/2
   925 | D:2      | Reached skill level 1 in Armour
   925 | D:2      | Reached XP level 3. HP: 19/29 MP: 3/3
  1784 | D:3      | Reached XP level 4. HP: 32/35 MP: 4/4
  1852 | D:3      | Reached skill level 4 in Axes
  2095 | D:3      | Found a stormy altar of Qazlal.
  2260 | D:3      | Found a faded altar of an unknown god.
  2318 | D:3      | Prayed at the altar of an unknown god.
  2318 | D:3      | Became a worshipper of Ashenzari the Shackled
  2566 | D:4      | Noticed Ijyb
  2585 | D:4      | Killed Ijyb
  2586 | D:4      | Reached XP level 5. HP: 26/42 MP: 5/5
  2708 | D:4      | Noticed Grinder
  3093 | D:4      | Noticed an ogre
  3112 | D:4      | Mangled by an ogre

Illustrated notes

Levels and vault maps discovered:
D:1:      minmay_arrival_widening_spiral_narrow, layout_basic
D:2:      layout_basic
D:3:      layout_rooms, nicolae_qazlal_scattered_showers,
          hellmonk_ecumenical_altar_leap_of_faith, grunt_ministairs_15
D:4:      layout_basic, temple_hall, sigmund_army, uniq_grinder, uniq_ijyb

Skill      XL: |  1  2  3  4 |
---------------+-------------+-----
Armour         | 1 |  1.8
Axes           | 4 |  4.4
Fighting       | |  3.7
Dodging        | |  3.0
Stealth        | |  2.0

Action                   |  1- 3 |  4- 6 || total
-------------------------+-------+-------++-------
Melee: Hand axe          |    75 |       ||    75
       Dagger            |    45 |    78 ||   123
  Use: Scroll            |       |     9 ||     9
Armor: Scale mail        |    47 |    28 ||    75
Dodge: Dodged            |    56 |    28 ||    84

Table legend: (Time is in decaauts)
 A = Elapsed time spent in this place.
 B = Non-inter-level travel time spent in this place.
 C = Inter-level travel time spent in this place.
 D = Time resting spent in this place.
 E = Time spent auto-exploring this place.
 F = Levels seen in this place.
 G = Mean time per level.
                   A        B        C        D        E       F      G
               +--------+--------+--------+--------+--------+-----+--------+
         Total |   3122 |   2935 |    187 |    436 |   1903 |   4 |  780.5 |
       Dungeon |   3122 |   2935 |    187 |    436 |   1903 |   4 |  780.5 |
               +--------+--------+--------+--------+--------+-----+--------+

Top non-repeatable levels by time:
     D:3: 991 daAuts
     D:2: 834 daAuts
     D:1: 825 daAuts
     D:4: 471 daAuts
